Map: Base du roi Sejong EC

Players

RedBaron

  • Race: Zerg Zerg
  • League: Platinum

IA (très facile) - Winner!

  • Race: Terran Terran

VOD

Have the link to the VOD?

Description

Time

  • Played on: Aug. 13, 2016, 2:40 a.m.
  • Length: 9:58
Show
View Real Time Build Order
Export as new Build Order

RedBaron Zerg 

Build Orders: Hatch First 

Get SALT Encoding   

  12  0:02  Drone  
  13  0:13  Overlord  
  13  0:26  Drone  
  14  0:32  Drone  
  14  0:33  Drone  
  16  0:40  Drone  
  17  0:56  Hatchery  
  16  1:01  Drone  
  16  1:03  Extractor  
  16  1:15  Spawning Pool  
  16  1:17  Drone  
  16  1:20  Drone  
  17  1:26  Drone  
  17  1:32  Drone  
  19  1:43  Overlord  
  19  1:55  Drone  
  20  2:02  Queen  
  22  2:09  Queen  
  22  2:14  Drone x3  
  27  2:20  Zergling x2  
  28  2:24  Metabolic Boost  
  28  2:29  Drone  
  29  2:31  Overlord  
  29  2:40  Queen  
  31  2:45  Queen  
  33  2:55  Drone x4  
  37  3:04  Extractor  
  36  3:11  Roach Warren  
  35  3:19  Hatchery  
  34  3:28  Drone x3  
  34  3:29  Drone  
  34  3:30  Drone  
  39  3:34  Overlord  
  39  3:39  Overlord  
  39  3:50  Drone x2  
  39  3:51  Drone x2  
  39  3:52  Drone  
  44  3:56  Lair  
  44  4:06  Extractor  
  44  4:07  Extractor  
  42  4:19  Drone x2  
  42  4:24  Drone x3  
  46  4:27  Drone x3  
  46  4:29  Drone x3  
  53  4:40  Baneling Nest  
  53  4:44  Evolution Chamber x2  
  51  4:45  Drone x2  
  51  4:46  Drone  
  51  4:48  Overlord  
  51  4:49  Overlord  
  53  4:56  Queen  
  55  5:05  Drone  
  55  5:06  Drone x2  
  55  5:07  Drone x3  
  61  5:15  Zerg Missile Weapons Level 1, Infestation Pit  
  61  5:17  Zerg Ground Armor Level 1  
  59  5:32  Drone x6  
  59  5:33  Drone x3  
  68  5:35  Overlord  
  68  5:37  Overlord  
  68  5:43  Extractor  
  68  5:45  Extractor  
  68  5:46  Drone x3  
  69  5:53  Centrifical Hooks  
  69  5:58  Spire  
  69  6:00  Hive  
  69  6:03  Drone x3  
  71  6:05  Drone  
  71  6:06  Drone  
  71  6:07  Drone  
  71  6:10  Drone  
  75  6:18  Drone  
  76  6:21  Drone x3  
  79  6:36  Zergling x16  
  79  6:38  Hatchery  
  86  6:42  Overlord x3  
  86  7:01  Zergling x22  
  97  7:13  Corruptor x3  
  103  7:18  Zerg Missile Weapons Level 2  
  103  7:20  Zerg Ground Armor Level 2  
  103  7:21  Ultralisk Cavern  
  102  7:26  Overlord x3  
  102  7:27  Overlord x2  
  102  7:30  Overseer  
  102  7:41  Zergling x6  
  102  7:42  Zergling x12  
  111  7:58  Queen  
  111  8:03  Zergling x20  
  123  8:08  Chitinous Plating  
  123  8:18  Ultralisk  
  123  8:19  Ultralisk x2  
  141  8:34  Queen  
  141  8:36  Ultralisk x2  
  155  8:41  Overlord x2  
  155  8:42  Overlord x2  
  155  8:56  Overlord  
  155  8:57  Overlord x3  
  155  9:02  Ultralisk x2  
  167  9:18  Ultralisk x2  
Show
View Real Time Build Order
Export as new Build Order

IA (très facile) Terran - Winner!

Build Orders: Reaper Expand 

Get SALT Encoding   

  12  0:00  SCV  
  13  0:13  SCV  
  14  0:18  Supply Depot  
  14  0:43  Barracks  
  14  1:04  Command Center  
  14  1:30  Orbital Command, Supply Depot  
  14  1:32  Marine  
  15  1:37  Refinery  
  15  1:49  Refinery  
  15  1:55  SCV  
  16  2:08  SCV  
  17  2:17  Reaper  
  17  2:20  SCV  
  17  2:21  SCV  
  20  2:32  SCV  
  20  2:35  SCV  
  23  2:44  SCV  
  23  2:50  SCV, Refinery  
  24  2:57  SCV  
  25  3:01  Marine  
  25  3:04  SCV  
  27  3:11  SCV  
  28  3:16  Factory  
  28  3:19  SCV  
  29  3:42  SCV, Refinery  
  29  3:45  Marine  
  31  3:49  SCV  
  32  3:56  Supply Depot  
  32  3:57  SCV  
  33  4:04  SCV  
  33  4:05  Starport  
  34  4:11  SCV  
  35  4:18  SCV  
  36  4:25  SCV  
  36  4:30  Reaper  
  38  4:32  SCV  
  38  4:36  Supply Depot  
  39  4:39  SCV  
  39  4:44  Starport Tech Lab  
  40  4:47  SCV  
  41  4:54  SCV  
  42  5:01  SCV  
  42  5:02  Raven  
  45  5:08  SCV  
  45  5:14  Marine  
  47  5:15  SCV  
  48  5:45  Raven  
  50  5:58  Marine  
  51  6:42  Barracks Tech Lab  
  51  7:04  Marauder  
Tags
 
Add a new tag
Caveats
  • Supply blocks, unpowered buildings, or Contaminate may cause inaccurate times.
  • Supply counts are checked every 10 seconds.